 Dungeon Crawl Stone Soup version 0.27.1-34-g3ba077fa99 (webtiles) character file.

Game seed: 8814437608462189212

3464 zeram the Blocker (level 10, 0/64 HPs)
             Began as a Gargoyle Fighter on Jan 9, 2022.
             Slain by a two-headed ogre (4 damage)
             ... on level 8 of the Dungeon.
             The game lasted 00:13:25 (9764 turns).

zeram the Blocker (Gargoyle Fighter)                Turns: 9764, Time: 00:13:25

Health: 0/64       AC: 19    Str: 23    XL:     10   Next: 6%
Magic:  10/10      EV: 10    Int:  9    God:
Gold:   230        SH: 12    Dex:  9    Spells: 9/9 levels left

rFire    . . .     SeeInvis +   d - +4 spear (freeze)
rCold    + . .     Faith    .   j - +1 kite shield {rC+}
rNeg     + + .     Spirit   .   b - +0 scale mail
rPois    ∞         Reflect  .   e - +1 helmet
rElec    +         Harm     .   (no cloak)
rCorr    .         Rampage  .   (no gloves)
Will     .....                  (no boots)
Stlth    ..........             (no amulet)
HPRegen  0.20/turn              f - ring of positive energy
MPRegen  0.12/turn              p - ring of see invisible

@: no status effects
A: sickness immunity, AC +7, negative energy resistance 1, electricity
resistance, torment resistance 1, petrification resistance, robust 1, shaggy fur
2
a: no special abilities


You were on level 8 of the Dungeon.
You visited 2 branches of the dungeon, and saw 10 of its levels.

You collected 425 gold pieces.
You spent 195 gold pieces at shops.

Inventory:

Hand Weapons
 a - a +1 flail
 d - a +4 spear of freezing (weapon)
 w - a +3 whip
Missiles
 x - 5 poisoned darts (quivered)
Armour
 b - a +0 scale mail (worn)
 c - a +0 kite shield
 e - a +1 helmet (worn)
 j - a +1 kite shield of cold resistance (worn)
Jewellery
 f - a ring of positive energy (left hand)
 l - an amulet of faith
 p - a ring of see invisible (right hand)
Wands
 s - a wand of flame (34)
 u - a wand of digging (5)
Scrolls
 o - a scroll of amnesia
Potions
 g - 3 potions of curing
 i - a potion of flight
 k - a potion of cancellation
 m - 2 potions of magic
 n - a potion of heal wounds {unknown}
 q - 2 potions of attraction
 r - a potion of lignification {unknown}
 t - a potion of brilliance {unknown}
 z - a potion of resistance {unknown}


   Skills:
 + Level 5.3 Fighting
 - Level 6.3 Maces & Flails
 + Level 0.2 Throwing
 + Level 8.4 Armour
 + Level 4.1 Dodging
 + Level 9.5 Shields


You had 9 spell levels left.
You didn't know any spells.
Your spell library contained the following spells:

 Spells                   Type           Power      Damage    Failure   Level
 Fireball                 Conj/Fire      0%         3d3       100%        5
 Starburst                Conj/Fire      0%         6d3       100%        6
 Ignition                 Fire           0%         3d3       100%        8


Dungeon Overview and Level Annotations

Branches:
Dungeon (9/15)             Temple (1/1) D:5
   Lair: D:8-11         Orc: D:9-12

Altars:
Ashenzari
Cheibriados
Elyvilon
Fedhas
Hepliaklqana
Kikubaaqudgha
Makhleb
Nemelex Xobeh
Okawaru
Ru
Sif Muna
Trog
Uskayaw
Vehumet
Wu Jian
Xom
Zin
The Shining One

Shops:
D:5 =

Portals:
Abyss: D:3

Annotations:
D:3 2 transporters, shadowrider38's ghost, amateur MiFi
D:8 2 transporters


Innate Abilities, Weirdness & Mutations

You are immune to sickness and miasma.
Your stone body is resilient. (AC +7)
You are immune to poison.
You resist negative energy. (rN+)
You are resistant to electric shocks. (rElec)
You are resistant to unholy torment.
You are immune to petrification.
You are robust. (+10% HP)
You are covered in thick fur. (AC +2)


Message History

The orc is heavily wounded.
You block the orc's attack. You block the two-headed ogre's attack.
The two-headed ogre hits you with a +0 giant club.
You block the orc's attack.
Okay, then.
You hit the two-headed ogre. You freeze the two-headed ogre.
The two-headed ogre is lightly wounded.
You block the two-headed ogre's attack.
The two-headed ogre hits you with a +0 giant club.
You puncture the two-headed ogre! You freeze the two-headed ogre.
The two-headed ogre is moderately wounded.
The two-headed ogre completely misses you.
The two-headed ogre closely misses you.
You hit the two-headed ogre. You freeze the two-headed ogre.
The two-headed ogre is heavily wounded.
The two-headed ogre barely misses you. The two-headed ogre closely misses you.
You hit the two-headed ogre. You freeze the two-headed ogre.
The two-headed ogre is heavily wounded.
The two-headed ogre hits you but does no damage.
The two-headed ogre completely misses you.
You puncture the two-headed ogre! You freeze the two-headed ogre.
The two-headed ogre is severely wounded.
The two-headed ogre misses you.
The two-headed ogre hits you but does no damage.
You hit the two-headed ogre. You freeze the two-headed ogre.
The two-headed ogre is severely wounded.
You closely miss the two-headed ogre.
The two-headed ogre is severely wounded.
The two-headed ogre hits you with a +0 giant club!!
* * * LOW HITPOINT WARNING * * *
The two-headed ogre hits you but does no damage.
You hit the two-headed ogre but do no damage.
The two-headed ogre is severely wounded.
The two-headed ogre hits you but does no damage.
You block the two-headed ogre's attack.
You puncture the two-headed ogre! You freeze the two-headed ogre.
The two-headed ogre is almost dead.
The two-headed ogre barely misses you.
The two-headed ogre hits you with a +0 giant club.
You die...

#..........##.#
#..........##.#
#..........##.#
#..........##.#
###..).......##.######
.............>..#.((.#
#####.#.........(.##.#
# #.......##.######.#
####..........oO@....#
............#.########
#####.#####.#..######
....................#
#............#.####.#
..<...............#.#
..............#'#.#.##
####.#...............#
.....#..........)....#


You could see a two-headed ogre and an orc.

Vanquished Creatures
  A hornet (D:9)
  Sigmund (D:2)
  A yak (D:8)
  A human (D:8)
  3 hogs (D:8)
  A water moccasin (D:8)
  A black bear (D:7)
  A sky beast (D:8)
  A hornet zombie (D:8)
  A necrophage (D:6)
  4 centaurs
  2 ogres
  A phantom (D:4)
  A kobold brigand (D:8)
  A bullfrog (D:6)
  A gnoll sergeant (D:6)
  4 scorpions
  A water moccasin skeleton (D:6)
  10 killer bees
  A howler monkey (D:5)
  A centaur skeleton (D:7)
  A hound (D:7)
  A jelly (D:5)
  A gnoll shaman (D:8)
  An iguana (D:5)
  An orc wizard (D:6)
  A killer bee zombie (D:6)
  A hound zombie (D:5)
  A hound skeleton (D:4)
  Robin (D:2)
  6 gnolls
  A howler monkey skeleton (D:4)
  5 adders
  A shadow imp (D:7)
  A white imp (D:7)
  An adder skeleton (D:4)
  A worm (D:3)
  3 dart slugs
  7 orcs
  8 endoplasms
  A giant cockroach (D:1)
  7 goblins
  7 hobgoblins
  5 jackals (D:1)
  10 kobolds
  2 quokkas
  7 ball pythons
  8 bats
  5 frilled lizards
  3 rats
137 creatures vanquished.

Vanquished Creatures (others)
  A human (D:6)
1 creature vanquished.

Grand Total: 138 creatures vanquished

Notes
Turn   | Place    | Note
-------+----------+-------------------------------------------
     0 | D:1      | zeram the Gargoyle Fighter began the quest for the Orb.
     0 | D:1      | Reached XP level 1. HP: 14/14 MP: 1/1
   193 | D:1      | Reached XP level 2. HP: 18/19 MP: 2/2
   243 | D:1      | Found a faded altar of an unknown god.
   533 | D:1      | Reached XP level 3. HP: 23/23 MP: 3/3
   706 | D:2      | Noticed Sigmund
  1145 | D:2      | Killed Sigmund
  1146 | D:2      | Reached skill level 4 in Shields
  1146 | D:2      | Reached XP level 4. HP: 17/28 MP: 4/4
  1146 | D:2      | Reached XP level 5. HP: 19/32 MP: 5/5
  1292 | D:2      | Noticed Robin
  1314 | D:2      | Killed Robin
  1771 | D:2      | Reached XP level 6. HP: 37/37 MP: 6/6
  2276 | D:3      | Found a transporter.
  2287 | D:3      | Found a transporter.
  2308 | D:3      | Reached skill level 5 in Shields
  2539 | D:3      | Found a one-way gate to the infinite horrors of the Abyss.
  2539 | D:3      | Noticed shadowrider38's ghost (amateur MiFi)
  2545 | D:3      | Found a broken altar of Ashenzari.
  2961 | D:4      | Reached skill level 1 in Dodging
  3408 | D:4      | Found a glowing golden altar of the Shining One.
  3408 | D:4      | Found a hide-covered altar of Uskayaw.
  3455 | D:5      | Entered Level 5 of the Dungeon
  3550 | D:5      | Found a staircase to the Ecumenical Temple.
  3571 | D:5      | Reached skill level 5 in Maces & Flails
  3571 | D:5      | Reached XP level 7. HP: 30/41 MP: 7/7
  3791 | D:5      | Found Hoerr's Jewellery Emporium.
  4284 | Temple   | Entered the Ecumenical Temple
  4748 | D:5      | Bought a ring of see invisible for 195 gold pieces
  4913 | D:6      | Found an ancient bone altar of Kikubaaqudgha.
  4913 | D:6      | Noticed a human
  4918 | D:6      | Killed a human
  5159 | D:6      | Reached skill level 5 in Armour
  5159 | D:6      | Reached skill level 6 in Shields
  5269 | D:6      | Reached XP level 8. HP: 29/46 MP: 8/8
  5286 | D:6      | Gained mutation: You are robust. (+10% HP) [potion of
                  | mutation]
  5286 | D:6      | Gained mutation: You are covered in fur. (AC +1) [potion of
                  | mutation]
  5286 | D:6      | Gained mutation: You are covered in thick fur. (AC +2)
                  | [potion of mutation]
  5727 | D:6      | Noticed an Executioner
  5728 | D:6      | Found a burning altar of Makhleb.
  5733 | D:6      | Found a glowing silver altar of Zin.
  5733 | D:6      | Noticed an angel
  6792 | D:7      | Reached skill level 7 in Shields
  7225 | D:7      | Reached XP level 9. HP: 29/57 MP: 9/9
  7461 | D:8      | Found a transporter.
  7522 | D:8      | Reached skill level 8 in Shields
  7857 | D:8      | Found a sacrificial altar of Ru.
  8145 | D:8      | Found a transporter.
  8160 | D:8      | Noticed a kobold demonologist
  8211 | D:8      | Noticed a kobold demonologist
  8720 | D:8      | Reached skill level 5 in Fighting
  8728 | D:8      | Reached skill level 9 in Shields
  8966 | D:9      | Reached XP level 10. HP: 55/64 MP: 10/10
  9149 | D:9      | Noticed a two-headed ogre
  9156 | D:9      | Found a hazy altar of Hepliaklqana.
  9158 | D:9      | HP: 1/64 [two-headed ogre (14)]
  9557 | D:9      | Found a blossoming altar of Fedhas.
  9764 | D:8      | Slain by a two-headed ogre

Illustrated notes

Levels and vault maps discovered:
D:1:      onia_arrival_mini_maze_b, layout_rooms,
          hellmonk_ecumenical_altar_slurped_away
D:2:      layout_basic, uniq_robin, uniq_sigmund
D:3:      layout_basic, mainiacjoe_overflow_concentric_impassable,
          gammafunk_ghost_abyssal_escape
D:4:      minmay_skewed_foursquare, layout_rooms,
          gammafunk_temple_overflow_statue
D:5:      layout_basic, minmay_temple_entry_ruins, serial_shops,
          nicolae_shop_crystal
D:6:      layout_basic, grunt_temple_overflow_order_and_chaos_2,
          tgw_kikubaaqudgha, minmay_microvault
D:7:      layout_gridville
D:8:      gammafunk_wand_slinger, layout_basic, nicolae_ru_path_of_blood,
          hangedman_decor_growths, grunt_livestock
D:9:      layout_basic, chequers_temple_overflow_statue_of_worship,
          lemuel_coloured_pillars_altar
Temple:   compressed_dpeg_triangle_lava_temple

Skill      XL: |  1  2  3  4  5  6  7  8  9 |
---------------+----------------------------+-----
Maces & Flails | 3 4 5 6 |  6.3
Armour         | 4 5 6 8 |  8.4
Shields        | 4 5 6 7 9 |  9.5
Dodging        | 1 2 4 |  4.1
Fighting       | 5 |  5.3
Throwing       | |  0.2

Action                   |  1- 3 |  4- 6 |  7- 9 | 10-12 || total
-------------------------+-------+-------+-------+-------++-------
Melee: Flail             |   104 |   183 |    97 |       ||   384
       Spear             |       |       |   387 |    44 ||   431
       Unarmed           |       |       |       |     2 ||     2
Throw: Dart              |       |       |       |     8 ||     8
Evoke: Wand              |       |       |       |     2 ||     2
  Use: Scroll            |     3 |     4 |    11 |     2 ||    20
       Potion            |     1 |       |     7 |     2 ||    10
Armor: Scale mail        |    64 |   106 |   320 |    18 ||   508
Dodge: Dodged            |    35 |    69 |   216 |    20 ||   340
Block: Kite shield       |    76 |   126 |   322 |    33 ||   557
